 Dungeon Crawl Stone Soup version 5.2-4-g6121e92 (webtiles) character file.

93965 Zgarb the Carver (level 18, -3/138 HPs)
             Began as a Demonspawn Skald on Nov 27, 2017.
             Was the Champion of Okawaru.
             Killed from afar by a tengu reaver (38 damage)
             ... with a bolt of lightning
             ... on level 3 of the Vaults.
             The game lasted 01:49:19 (20708 turns).

Zgarb the Carver (Demonspawn Skald)                Turns: 20708, Time: 01:49:20

Health: -3/138     AC: 27 (34%)Str: 31  XL:     18   Next: 6%
Magic:  0/19       EV: 29    Int: 16    God:    Okawaru [6*[176]]
Gold:   1003       SH: 21    Dex: 24    Spells: 8/26 levels left

rFire    . . .     SeeInvis .   b - +6 scimitar of Pecac {slice, Str+5}
rCold    . . .     Faith    .   i - +4 shield {AC+3}
rNeg     . . .     Spirit   +   y - +1 chain mail "Housalip" {*Contam rPois Dex+6}
rPois    +         Reflect  +   g - +2 helmet
rElec    .                      P - +1 cloak of Zaggif {Stlth+}
rCorr    .                      s - +2 pair of gloves
MR       +....                  (boots unavailable)
Stlth    ++++++++..             X - +3 amulet of reflection
Regen    0.9/turn               Z - +6 ring of strength
MPRegen  0.5/turn               u - ring of the Moon {Wiz Str+2}

@: agile, finesse, marked, regenerating, drained
A: hooves 3, repulsion field 2, nightstalker 2, powered by pain 2, magic shield,
magic regeneration
}: 2/15 runes: serpentine, silver
a: End Regeneration, Stop Singing, End Infusion, Finesse, Renounce Religion


You were on level 3 of the Vaults.
You worshipped Okawaru.
Okawaru was exalted by your worship.
You were not hungry.

You visited 4 branches of the dungeon, and saw 23 of its levels.
You visited 1 bazaar.
You also visited: Ice Cave.

You collected 3361 gold pieces.
You spent 2358 gold pieces at shops.

Inventory:

Hand Weapons
 a - the +9 dagger of the King {venom, +Blink Int+3}
   (You found it on level 4 of the Dungeon)

   It poisons the flesh of those it strikes.
   It affects your intelligence (+3).
   It lets you blink.
 b - the +6 scimitar of Pecac (weapon) {slice, Str+5}
   (You found it on level 14 of the Dungeon)

   It inflicts extra damage upon your enemies.
   It affects your strength (+5).
 T - a +1 vampiric scimitar
Missiles
 h - 265 poisoned darts (quivered)
 m - 10 poisoned tomahawks
 p - 7 tomahawks of dispersal
 w - 582 arrows
 A - 34 frenzy darts
 C - 209 tomahawks
 J - 86 javelins of penetration
 Q - 97 javelins
 R - 39 curare darts
 Y - 2719 bolts
Armour
 g - a +2 helmet (worn)
 i - a +4 shield of protection (worn)
 s - a +2 pair of gloves (worn)
 y - the +1 chain mail "Housalip" (worn) {*Contam rPois Dex+6}
   (You found it on level 14 of the Dungeon)

   It affects your dexterity (+6).
   It protects you from poison.
   It causes magical contamination when unequipped.
 M - a +2 pair of boots
 P - the +1 cloak of Zaggif (worn) {Stlth+}
   (You bought it in a shop on level 1 of the Vaults)

   It makes you more stealthy.
 S - a +3 scale mail of fire resistance
Jewellery
 u - the ring of the Moon (right hand) {Wiz Str+2}
   (You bought it in a shop on level 2 of the Snake Pit)

   [ring of wizardry]

   It improves your spell success rate.
   It affects your strength (+2).
 G - a +3 ring of intelligence
 I - a +3 ring of strength
 O - a +3 ring of dexterity
 X - a +3 amulet of reflection (around neck)
 Z - a +6 ring of strength (left hand)
Wands
 c - a wand of confusion (4)
 j - a wand of paralysis (2)
 U - a wand of flame (18)
Scrolls
 f - a scroll of silence
 k - 2 scrolls of teleportation
 t - 6 scrolls of amnesia
 x - 5 scrolls of enchant weapon
 E - a scroll of fear
 F - a scroll of blinking
 H - 2 scrolls of magic mapping
 K - a scroll of brand weapon
 N - a scroll of fog
Potions
 d - a potion of magic
 e - 4 potions of heal wounds
 l - 4 potions of mutation
 n - 15 potions of curing
 o - 4 potions of cancellation
 q - 3 potions of augmentation
 r - 4 potions of flight
 v - 2 potions of resistance
 z - a potion of ambrosia
 B - 4 potions of berserk rage
 D - 2 potions of haste
 L - a potion of invisibility
Miscellaneous
 V - a box of beasts


   Skills:
 + Level 11.5(15.9) Fighting
 * Level 13.3(17.7) Blades
 - Level 3.2(7.8) Polearms
 + Level 10.4(14.9) Armour
 + Level 10.5(15.0) Dodging
 + Level 10.9(15.4) Stealth
 + Level 4.3(8.8) Shields
 - Level 4.9(4.5) Spellcasting
 + Level 10.6(10.2) Hexes
 + Level 10.4(9.9) Charms
 - Level 8.4(7.9) Invocations
 + Level 11.0(10.5) Evocations


You had 8 spell levels left.
You knew the following spells:

 Your Spells              Type           Power        Failure   Level  Hunger
a - Infusion              Chrm           25 (25)      1%          1    N/A
b - Song of Slaying       Chrm           35 (100)     1%          2    N/A
c - Regeneration          Chrm/Necr      19 (200)     17%         3    N/A
d - Slow                  Hex            36 (100)     1%          2    N/A
e - Corona                Hex            36 (90)      1%          1    N/A
f - Spectral Weapon       Chrm/Summ      19 (100)     82%         5    N/A
g - Cause Fear            Hex            36 (200)     7%          4    N/A

Dungeon Overview and Level Annotations

Branches:
Dungeon (15/15) Snake (3/3) Orc:2 Slime (0/4) Orc:2 Vaults:3 Orc (2/2) D:15 Vaults (3/3) D:15 Snake:3 Depths (0/3) D:15 Vaults:3 Swamp: Orc:2 Shoals: Orc:2

Altars:
Cheibriados
Dithmenos
Elyvilon
Gozag
Hepliaklqana
Jiyva
Kikubaaqudgha
Makhleb
Okawaru
Qazlal
Ru
Sif Muna
Trog
Uskayaw
Vehumet
Xom
Yredelemnul
Zin
The Shining One

Shops:
D:11 }   D:14 *   Orc:2 ?[[(*   Snake:2 }?=   Vaults:1 *[   Vaults:2 ?[


Innate Abilities, Weirdness & Mutations

You have hooves in place of feet.
You are surrounded by a moderate repulsion field. (EV +3)
You are significantly more attuned to the shadows.
You sometimes gain power by taking damage.
When hurt, damage is shared between your health and your magic reserves.
You regenerate magic rapidly.


Message History

The storm dragon is engulfed in freezing vapours (3).
The storm dragon barely misses you. You block the storm dragon's attack.
The storm dragon tramples you (2).
* * * LOW HITPOINT WARNING * * *
You hold your ground!
The frost giant is engulfed in freezing vapours (1).
The halazid warlock is engulfed in freezing vapours (2).
You block the halazid warlock's attack.
The phantasmal warrior blinks!
The ironheart preserver is engulfed in freezing vapours (6).
The shadow dragon is engulfed in freezing vapours (1).
The phantasmal warrior is engulfed in freezing vapours (7).
You hit the storm dragon (1). You kick the storm dragon (5).
The storm dragon is severely wounded.
The battlesphere is engulfed in freezing vapours (1).
The vault guard is engulfed in freezing vapours (10).
The tengu reaver is engulfed in freezing vapours (13).
The tengu reaver gestures at you while chanting.
The bolt of lightning misses the storm dragon.
The bolt of lightning hits you!
That hurt (44)!
You die...

#.........## #...
......#...## #...#
#....###...###...#
#...# ##.§§#...##
...# ##§§§.pp.# .#
##§pW#..p#
##§§*Q##...
#.§WCpD##.p
#...##DL@# . .L..
##p## ..#. ###


You could see a shadow dragon, an ironheart preserver, a storm dragon, a frost
giant, a tengu reaver, a halazid warlock, 2 vault guards, 2 phantasmal warriors
and a battlesphere.

Vanquished Creatures
  Saint Roka (Orc:2)
  Rupert (D:13)
  A titan (Vaults:3)
  A tentacled monstrosity (Vaults:3)
  A shadow dragon (Vaults:3)
  Agnes (Snake:3)
  Roxanne (D:15)
  A storm dragon (Vaults:3)
  9 greater nagas
  A fire giant (Vaults:3)
  A frost giant (Vaults:2)
  6 vault wardens
  A deep elf sorcerer (Vaults:1)
  3 ironheart preservers
  A deep elf elementalist (Vaults:3)
  7 stone giants
  A war gargoyle (Vaults:3)
  Azrael (D:15)
  Josephine (D:10)
  2 ettins
  Snorg (D:10)
  Fannar (D:10)
  A great orb of eyes (Vaults:1)
  2 yaktaur captains
  2 ogre magi
  A rakshasa (Vaults:1)
  2 ice dragons (Vaults:2)
  17 naga warriors
  A catoblepas (D:14)
  A ghost crab (shapeshifter) (Vaults:2)
  2 hydras
  An anaconda (Snake:2)
  8 vault guards (Vaults:3)
  4 centaur warriors
  A tengu warrior (D:13)
  3 death yaks (D:13)
  9 two-headed ogres
  10 naga sharpshooters
  Urug (D:10)
  Sonja (D:10)
  3 orc high priests
  3 deep elf knights
  4 shock serpents
  A fire crab (shapeshifter) (D:15)
  4 salamander mystics
  5 skeletal warriors (D:15)
  A flayed ghost (Vaults:2)
  5 unseen horrors
  8 naga ritualists
  3 deep trolls (Vaults:2)
  2 wizards
  11 orc knights
  A deep elf archer (Vaults:2)
  4 ironbrand convokers
  Pikel (D:8)
  A necromancer (D:15)
  8 deep elf magi
  A manticore (D:15)
  8 mana vipers
  4 orc sorcerers
  6 cyclopes
  14 ugly things
  17 salamanders
  9 vault sentinels
  4 guardian serpents
  26 naga magi
  22 black mambas
  6 spiny frogs
  3 gargoyles
  A spiny frog (shapeshifter) (Vaults:2)
  A komodo dragon (shapeshifter) (Vaults:2)
  19 yaktaurs
  An efreet (D:15)
  2 rime drakes
  A freezing wraith (Vaults:2)
  5 trolls
  A jumping spider (shapeshifter) (Vaults:3)
  3 meliai (D:13)
  14 blink frogs
  12 slime creatures
  Grinder (D:6)
  Prince Ribbit (D:9)
  A shadow (D:12)
  5 wraiths (D:10)
  4 yaks (D:10)
  A basilisk (D:14)
  A steam dragon (D:13)
  3 wyverns
  A fire elemental (D:15)
  Grum (D:8)
  4 angry ghosts
  Menkaure (D:7)
  2 acid dragons (D:13)
  8 wargs
  27 nagas
  3 hell hounds (D:15)
  A spiny frog zombie (D:7)
  2 black bears (shapeshifter) (Vaults:1)
  3 ice beasts
  47 orc warriors
  A slave (D:8)
  An eye of draining (shapeshifter) (Vaults:1)
  2 blink frog zombies
  7 boggarts
  3 wolves (D:8)
  10 ogres
  7 centaurs
  A bullfrog (D:8)
  5 wyvern zombies
  An earth elemental (D:14)
  4 wyvern skeletons
  A scorpion (D:6)
  15 killer bees
  3 crimson imps (D:5)
  9 wights
  6 electric eels (D:11)
  A howler monkey (D:6)
  2 wasp zombies
  3 centaur zombies
  2 quasits
  22 orc priests
  3 hounds
  7 jellies
  26 orc wizards
  Jessica (D:2)
  4 centaur skeletons
  5 worker ants
  A killer bee zombie (D:7)
  3 iguanas
  4 gnolls (D:5)
  3 adders
  A shadow imp (D:7)
  12 white imps (D:13)
  An ooze (D:1)
  3 dart slugs
  79 orcs
  8 quokkas
  3 giant cockroaches
  6 goblins
  5 hobgoblins
  20 jackals
  A ball python (D:1)
  7 bats
  6 frilled lizards
  5 kobolds
  7 rats
800 creatures vanquished.

Vanquished Creatures (collateral kills)
  An ogre (Orc:2)
  An orc priest (Orc:2)
2 creatures vanquished.

Vanquished Creatures (others)
  A naga sharpshooter (Snake:3)
  4 yaktaurs
  A centaur (D:8)
  A wolf (D:8)
  3 orcs
  2 fungi (D:15)
  3 plants (D:15)
  10 spectral weapons
25 creatures vanquished.

Grand Total: 827 creatures vanquished

Notes
Turn   | Place    | Note
-------+----------+-------------------------------------------
     0 | D:1      | Zgarb the Demonspawn Skald began the quest for the Orb.
     0 | D:1      | Reached XP level 1. HP: 16/16 MP: 3/3
    42 | D:1      | Reached skill level 1 in Armour
    48 | D:1      | Gained mutation: You sometimes gain a little power by taking damage. [demonic ancestry]
    48 | D:1      | Reached XP level 2. HP: 15/22 MP: 0/4
    62 | D:1      | Learned a level 2 spell: Song of Slaying
   129 | D:1      | Reached skill level 1 in Dodging
   373 | D:1      | Gained mutation: You have large cloven feet. [demonic ancestry]
   373 | D:1      | Reached XP level 3. HP: 23/27 MP: 0/2
   998 | D:2      | Found a deep blue altar of Sif Muna.
  1031 | D:2      | Noticed Jessica
  1035 | D:2      | Killed Jessica
  1035 | D:2      | Reached XP level 4. HP: 34/34 MP: 1/3
  1075 | D:2      | Learned a level 3 spell: Regeneration
  1137 | D:2      | Found a faded altar of an unknown god.
  1285 | D:3      | Found a viscous altar of Jiyva.
  1565 | D:3      | Gained mutation: You are surrounded by a mild repulsion field. (EV +2) [demonic ancestry]
  1565 | D:3      | Reached XP level 5. HP: 40/40 MP: 3/5
  1625 | D:3      | Found a snail-covered altar of Cheibriados.
  1668 | D:3      | Found a shadowy altar of Dithmenos.
  1909 | D:3      | Found a white marble altar of Elyvilon.
  1911 | D:3      | Found a stormy altar of Qazlal.
  1912 | D:3      | Found an iron altar of Okawaru.
  1912 | D:3      | Found a sacrificial altar of Ru.
  1916 | D:3      | Became a worshipper of Warmaster Okawaru
  2067 | D:4      | Noticed an ogre
  2072 | D:4      | Killed an ogre
  2072 | D:4      | Gained mutation: You regenerate magic rapidly. [demonic ancestry]
  2072 | D:4      | Reached XP level 6. HP: 47/47 MP: 3/7
  2178 | D:4      | Got the +9 dagger of the King {venom, +Blink Int+3}
  2186 | D:4      | Learned a level 2 spell: Slow
  2391 | D:4      | Found a radiant altar of Vehumet.
  2675 | D:5      | Entered Level 5 of the Dungeon
  2714 | D:5      | Reached * piety under Okawaru
  2717 | D:5      | Reached skill level 1 in Blades
  2820 | D:5      | Found a hazy altar of Hepliaklqana.
  2825 | D:5      | Reached skill level 1 in Evocations
  2825 | D:5      | Reached XP level 7. HP: 43/52 MP: 1/5
  2844 | D:5      | Reached skill level 1 in Stealth
  2867 | D:5      | Found a bloodstained altar of Trog.
  2871 | D:5      | Reached skill level 1 in Hexes
  2978 | D:5      | Found a hide-covered altar of Uskayaw.
  3118 | D:6      | Reached ** piety under Okawaru
  3118 | D:6      | Reached skill level 2 in Blades
  3149 | D:6      | Noticed Grinder
  3160 | D:6      | Killed Grinder
  3160 | D:6      | Gained mutation: You have hoof-like feet. [demonic ancestry]
  3160 | D:6      | Reached XP level 8. HP: 55/60 MP: 2/6
  3570 | D:6      | Reached skill level 3 in Blades
  3784 | D:7      | Reached *** piety under Okawaru
  4051 | D:7      | Noticed Menkaure
  4055 | D:7      | Killed Menkaure
  4073 | D:7      | Found a basalt altar of Yredelemnul.
  4073 | D:7      | Found a glowing silver altar of Zin.
  4086 | D:7      | Found a burning altar of Makhleb.
  4086 | D:7      | Found an opulent altar of Gozag.
  4087 | D:7      | Found a shimmering altar of Xom.
  4087 | D:7      | Found a glowing golden altar of the Shining One.
  4230 | D:7      | Gained mutation: When hurt, damage is shared between your health and your magic reserves. [demonic ancestry]
  4230 | D:7      | Reached XP level 9. HP: 62/66 MP: 4/9
  4247 | D:7      | Found an ancient bone altar of Kikubaaqudgha.
  4306 | D:8      | Noticed Pikel
  4331 | D:8      | Killed Pikel
  4338 | D:8      | Reached skill level 4 in Blades
  4375 | D:8      | Noticed Grum
  4384 | D:8      | Killed Grum
  4519 | D:8      | Received a gift from Okawaru
  4546 | D:8      | Reached skill level 5 in Fighting
  4790 | D:8      | Reached skill level 5 in Charms
  4947 | D:9      | Learned a level 1 spell: Corona
  4953 | D:9      | Learned a level 5 spell: Spectral Weapon
  5045 | D:9      | Noticed a two-headed ogre
  5056 | D:9      | Killed a two-headed ogre
  5056 | D:9      | Reached **** piety under Okawaru
  5056 | D:9      | Gained mutation: You are slightly more attuned to the shadows. [demonic ancestry]
  5056 | D:9      | Reached XP level 10. HP: 50/74 MP: 6/11
  5115 | D:9      | Reached skill level 5 in Blades
  5239 | D:9      | Noticed Prince Ribbit
  5252 | D:9      | Killed Prince Ribbit
  5677 | D:10     | Entered Level 10 of the Dungeon
  5677 | D:10     | Noticed Snorg
  5685 | D:10     | Killed Snorg
  5685 | D:10     | Reached skill level 5 in Armour
  5718 | D:10     | Noticed a spiny frog
  5740 | D:10     | Killed a spiny frog
  5743 | D:10     | Noticed a spiny frog
  5744 | D:10     | Reached ***** piety under Okawaru
  5752 | D:10     | Killed a spiny frog
  5752 | D:10     | Reached skill level 5 in Dodging
  5762 | D:10     | Noticed Sonja
  5769 | D:10     | Killed Sonja
  5769 | D:10     | Reached skill level 6 in Blades
  5769 | D:10     | Reached skill level 5 in Stealth
  5769 | D:10     | Reached skill level 1 in Invocations
  5862 | D:10     | Gained mutation: You sometimes gain power by taking damage. [demonic ancestry]
  5862 | D:10     | Reached XP level 11. HP: 68/81 MP: 5/12
  5906 | D:10     | Noticed a two-headed ogre
  5909 | D:10     | Killed a two-headed ogre
  5909 | D:10     | Reached skill level 5 in Evocations
  6007 | D:10     | Reached ****** piety under Okawaru
  6056 | D:10     | Noticed Fannar
  6081 | D:10     | Killed Fannar
  6081 | D:10     | Received a gift from Okawaru
  6081 | D:10     | Reached skill level 5 in Hexes
  6127 | D:10     | Noticed Josephine
  6145 | D:10     | Killed Josephine
  6156 | D:10     | Noticed Urug
  6194 | D:10     | Killed Urug
  6194 | D:10     | Reached skill level 7 in Blades
  6369 | D:11     | Found Miopet's Gadget Shoppe.
  6482 | D:11     | Received a gift from Okawaru
  6483 | D:11     | Got the +0 rapier of the Hills {flame, Int+4 Stlth+}
  6531 | D:11     | Gained mutation: You are significantly more attuned to the shadows. [demonic ancestry]
  6531 | D:11     | Reached XP level 12. HP: 46/89 MP: 6/13
  7067 | D:11     | Reached skill level 5 in Invocations
  7453 | D:12     | Learned a level 4 spell: Cause Fear
  7560 | D:12     | Received a gift from Okawaru
  7641 | D:12     | Reached skill level 8 in Blades
  7689 | D:12     | Received a gift from Okawaru
  7690 | D:12     | Got the +3 rapier of Qeetu {pierce, *Rage rElec MR++ Dex+4}
  8102 | D:13     | Found a frozen archway.
  8145 | IceCv    | Entered an ice cave
  8342 | D:13     | Noticed a death yak
  8366 | D:13     | Killed a death yak
  8368 | D:13     | Noticed a death yak
  8373 | D:13     | Noticed a death yak
  8386 | D:13     | Killed a death yak
  8398 | D:13     | Killed a death yak
  8590 | D:13     | Noticed a tengu warrior
  8595 | D:13     | Killed a tengu warrior
  8637 | D:13     | Reached XP level 13. HP: 97/97 MP: 11/14
  8882 | D:13     | Received a gift from Okawaru
  8883 | D:13     | Got the +6 shortbow of Fixation {venom, rF+++ Str-3 Int-2 Dex+8}
  8959 | D:13     | Noticed Rupert
  8964 | D:13     | Killed Rupert
  8964 | D:13     | Reached skill level 9 in Blades
  9032 | D:13     | Paralysed by an ogre mage for 5 turns
  9330 | D:14     | Got the +6 scimitar of Pecac {slice, Str+5}
  9335 | D:14     | Found Simit's Pet Rocks.
  9541 | D:14     | Got the +1 chain mail "Housalip" {*Contam rPois Dex+6}
 10080 | D:15     | Entered Level 15 of the Dungeon
 10128 | D:15     | Found a staircase to the Orcish Mines.
 10128 | D:15     | Noticed Roxanne
 10189 | D:15     | Noticed Azrael
 10207 | D:15     | Received a gift from Okawaru
 10214 | D:15     | Killed Azrael
 10306 | D:15     | Noticed an ettin
 10310 | D:15     | Reached XP level 14. HP: 40/106 MP: 1/4
 10592 | D:15     | Found a staircase to the Depths.
 10656 | D:15     | Received a gift from Okawaru
 10656 | D:15     | Reached skill level 10 in Blades
 11059 | D:15     | Found a gate to the Vaults.
 11433 | D:15     | Killed Roxanne
 11435 | D:15     | Got Roxanne's Almanac of the Mountains
 11518 | Orc:1    | Entered Level 1 of the Orcish Mines
 12041 | Orc:2    | Entered Level 2 of the Orcish Mines
 12137 | Orc:2    | Found Gitooce's Magic Scroll Shop.
 12142 | Orc:2    | Bought a scroll of enchant armour for 120 gold pieces
 12142 | Orc:2    | Bought a scroll of teleportation for 48 gold pieces
 12142 | Orc:2    | Bought a scroll of blinking for 120 gold pieces
 12247 | Orc:2    | Found a staircase to the Slime Pits.
 12540 | Orc:2    | Found a staircase to the Snake Pit.
 12927 | Orc:2    | Noticed Saint Roka
 12945 | Orc:2    | Killed Saint Roka
 12950 | Orc:2    | Received a gift from Okawaru
 13013 | Orc:2    | Found Immulau's Antique Armour Boutique.
 13017 | Orc:2    | Found Jurchopua's Antique Weapon Shop.
 13120 | Orc:2    | Found Olufesch's Antique Armour Shop.
 13306 | Orc:2    | Found Jutrog's General Store.
 13328 | Orc:2    | Reached XP level 15. HP: 110/114 MP: 11/16
 13341 | Orc:2    | Bought a scroll of enchant armour for 127 gold pieces
 13415 | Snake:1  | Entered Level 1 of the Snake Pit
 13472 | Snake:1  | Noticed a greater naga
 13513 | Snake:1  | Killed a greater naga
 13704 | Snake:1  | Reached skill level 11 in Blades
 13940 | Snake:1  | Received a gift from Okawaru
 14868 | Snake:2  | Noticed a greater naga
 14882 | Snake:2  | Killed a greater naga
 14921 | Snake:2  | Found Zahaucs's Jewellery Shoppe.
 14930 | Snake:2  | Bought the ring of the Moon {Wiz Str+2} for 618 gold pieces
 15077 | Snake:2  | Found Beseig's Magic Scroll Shoppe.
 15080 | Snake:2  | Found Xoanudosel's Gadget Shoppe.
 15401 | Snake:2  | Received a gift from Okawaru
 15445 | Snake:2  | Noticed a greater naga
 15461 | Snake:2  | Killed a greater naga
 15727 | Snake:3  | Entered Level 3 of the Snake Pit
 15731 | Snake:3  | Noticed Agnes
 15860 | Snake:3  | Noticed a greater naga
 15883 | Snake:3  | Reached skill level 10 in Fighting
 15890 | Snake:3  | Killed a greater naga
 15938 | Snake:3  | Gained mutation: You are surrounded by a moderate repulsion field. (EV +3) [demonic ancestry]
 15938 | Snake:3  | Reached XP level 16. HP: 45/122 MP: 14/17
 16214 | Snake:3  | Reached skill level 12 in Blades
 16697 | Snake:3  | Received a gift from Okawaru
 16939 | Snake:3  | Reached skill level 1 in Shields
 16973 | Snake:3  | Killed Agnes
 16973 | Snake:3  | Reached skill level 10 in Evocations
 17005 | Snake:3  | Reached skill level 10 in Stealth
 17068 | Snake:3  | Found a gate to the Vaults.
 17105 | Snake:3  | Got a serpentine rune of Zot
 17434 | Vaults:1 | Entered Level 1 of the Vaults
 17681 | Vaults:1 | Found Cydios's General Store.
 17702 | Vaults:1 | Bought the +1 cloak of Zaggif {Stlth+} for 212 gold pieces
 17892 | Vaults:1 | Found Weesal's Armour Shop.
 18200 | Vaults:1 | Gained mutation: You have hooves in place of feet. [demonic ancestry]
 18200 | Vaults:1 | Reached XP level 17. HP: 129/129 MP: 11/17
 18275 | Vaults:1 | Reached skill level 10 in Hexes
 18279 | Vaults:1 | Received a gift from Okawaru
 18549 | Vaults:1 | Reached skill level 10 in Armour
 18933 | Vaults:2 | Found Oplodoh's Magic Scroll Shop.
 18939 | Vaults:2 | Bought a scroll of acquirement for 988 gold pieces
 18974 | Vaults:2 | Reached skill level 10 in Charms
 19035 | Vaults:2 | Found a flickering gateway to a bazaar.
 19042 | Bazaar   | Entered a bazaar
 19063 | Bazaar   | Found Ucvi's Weapon Boutique.
 19063 | Bazaar   | Found Keudeam's Distillery.
 19111 | Bazaar   | Found Kistebo's Assorted Antiques.
 19111 | Bazaar   | Found Unwamara's Assorted Antiques.
 19133 | Bazaar   | Bought a potion of heal wounds for 125 gold pieces
 19213 | Vaults:2 | Reached skill level 10 in Dodging
 19255 | Vaults:2 | Found Urofu's Armour Shop.
 19588 | Vaults:2 | Reached skill level 13 in Blades
 20144 | Vaults:3 | Entered Level 3 of the Vaults
 20144 | Vaults:3 | Found a staircase to the Slime Pits.
 20144 | Vaults:3 | Found a staircase to the Depths.
 20207 | Vaults:3 | Received a gift from Okawaru
 20387 | Vaults:3 | Noticed a titan
 20392 | Vaults:3 | Killed a titan
 20658 | Vaults:3 | Got a silver rune of Zot
 20677 | Vaults:3 | Reached XP level 18. HP: 137/138 MP: 14/19
 20708 | Vaults:3 | Killed from afar by a tengu reaver

Skill      XL: |  1  2  3  4  5  6  7  8  9 10 11 12 13 14 15 16 17 18 |
---------------+-------------------------------------------------------+-----
Polearms       | 2 3 |  3.2
Armour         | 1 2 3 4 5 6 7 8 9 10 | 10.4
Dodging        | 1 2 3 4 5 6 7 8 9 10 | 10.5
Charms         | 3 4 5 6 7 8 9 10 | 10.4
Fighting       | 3 4 5 6 7 8 9 10 11 | 11.5
Spellcasting   | 3 4 |  4.9
Blades         | 1 2 3 4 6 7 8 9 10 11 12 13 | 13.3
Evocations     | 1 2 3 4 5 6 7 8 9 10 11 | 11.0
Stealth        | 1 3 4 5 6 7 8 9 10 | 10.9
Hexes          | 1 2 3 4 5 6 7 8 9 10 | 10.6
Invocations    | 1 4 6 7 8 |  8.4
Shields        | 2 4 |  4.3

Action                   |  1- 3 |  4- 6 |  7- 9 | 10-12 | 13-15 | 16-18 || total
-------------------------+-------+-------+-------+-------+-------+-------++-------
Melee: Spear             |    88 |    61 |       |       |       |       ||   149
       Kick              |     3 |    16 |    40 |     7 |       |   185 ||   251
       Dagger            |       |    36 |   182 |   412 |   858 |   221 ||  1709
       Punch             |       |       |       |     6 |       |       ||     6
       Scimitar          |       |       |       |       |   258 |   550 ||   808
Throw: Tomahawk          |       |       |     1 |       |       |       ||     1
       Javelin           |       |       |       |       |     4 |       ||     4
       Poisoned dart     |       |       |       |       |     3 |       ||     3
       Curare dart       |       |       |       |       |     1 |       ||     1
 Cast: Infusion          |     1 |       |       |       |     1 |       ||     2
       Song of Slaying   |     1 |       |       |       |     1 |       ||     2
       Regeneration      |       |     1 |       |       |     1 |       ||     2
       Slow              |       |       |     3 |     5 |     1 |       ||     9
       Spectral Weapon   |       |       |       |       |     1 |       ||     1
       Cause Fear        |       |       |       |       |       |     1 ||     1
Invok: Finesse           |       |       |       |       |     3 |     3 ||     6
 Abil: Evoke Blink       |       |       |       |     1 |     1 |       ||     2
Evoke: Wand              |       |       |       |     3 |    12 |     2 ||    17
       Box of beasts     |       |       |       |       |     1 |       ||     1
  Use: Scroll            |       |       |     2 |     4 |     7 |     6 ||    19
       Potion            |       |       |       |     1 |       |     2 ||     3
 Stab: Sleeping          |       |       |     6 |    44 |    80 |    31 ||   161
       Distracted        |       |       |       |     1 |     3 |     1 ||     5
Armor: Leather armour    |     2 |       |     1 |    60 |    43 |       ||   106
       Ring mail         |    16 |    11 |    29 |       |       |       ||    56
       Scale mail        |       |       |       |       |    46 |       ||    46
       Chain mail        |       |       |       |       |    71 |   132 ||   203
Dodge: Dodged            |    26 |    29 |   113 |   186 |   441 |   320 ||  1115
Block: Buckler           |       |       |       |    17 |   282 |    79 ||   378
       Reflection        |       |       |       |     1 |    14 |    57 ||    72
       Shield            |       |       |       |       |       |   352 ||   352
